 Dungeon Crawl Stone Soup version 0.17.2 (webtiles) character file.

1877 Charly the Martial Artist (level 9, -8/40 HPs)
             Began as a Vine Stalker Transmuter on May 10, 2016.
             Mangled by a hill giant
             ... wielding a +0 giant club
              (11 damage)
             ... on level 9 of the Dungeon.
             The game lasted 00:29:27 (1991 turns).

Charly the Martial Artist (Vine Stalker Transmuter) Turns: 1991, Time: 00:29:28

Health: -8/40      AC: 23    Str: 15    XL:     9   Next: 14%
Magic:  0/13       EV:  5    Int: 13    God:
Gold:   135        SH:  0    Dex: 16    Spells: 3 memorised, 4 levels left

rFire  + . .     SeeInvis .       - Unarmed
rCold  . . .     Rnd*Rage +     i - +10 plate armour {ponderous}
rNeg   + . .     SustAt   .     (no shield)
rPois  .         Gourm    .     (no helmet)
rElec  .         Spirit   +     (no cloak)
rCorr  .         Warding  +     m - +0 pair of gloves
rMut   .         Stasis   .     (no boots)
MR     ++...                    p - amulet "Buaxojin" {Ward rF+ rN+}
Stlth  ..........               (no ring)
                                (no ring)

@: slow, very resistant to hostile enchantments, extremely unstealthy
A: fangs 3, talons 1, berserk 1, magic resistance 1, regeneration 3, magic
shield, antimagic bite, no device heal 3, rot immunity
a: no special abilities


You were on level 9 of the Dungeon.
You were not hungry.

You visited 2 branches of the dungeon, and saw 11 of its levels.

You collected 135 gold pieces.

Inventory:

Missiles
 a - 50 arrows
Armour
 i - a +10 plate armour of ponderousness (worn)
 m - a +0 pair of gloves (worn)
Jewellery
 e - an uncursed amulet of stasis
 p - the amulet "Buaxojin" (around neck) {Ward rF+ rN+}
   (You found it on level 8 of the Dungeon)

   [amulet of warding]

   It may prevent the melee attacks of summoned creatures.
   It protects you from fire.
   It protects you from negative energy.
Scrolls
 b - 2 scrolls of fear {unknown}
 f - a scroll of acquirement {unknown}
 g - 2 scrolls of noise {unknown}
 j - a scroll of teleportation
 l - a scroll of remove curse
 q - a scroll of recharging {unknown}
Potions
 h - a potion of heal wounds {unknown}
 n - a potion of ambrosia
 o - a potion of curing {unknown}
Books
 c - a book of Changes

   Spells                             Type                      Level
   a - Beastly Appendage              Transmutation                1
   b - Sticks to Snakes               Transmutation                2
   c - Spider Form                    Transmutation/Poison         3
   d - Ice Form                       Ice/Transmutation            4
   e - Blade Hands                    Transmutation                5
Comestibles
 d - 3 bread rations
 k - 5 meat rations


   Skills:
 - Level 0.8 Fighting
 + Level 4.8 Armour
 - Level 1.5 Dodging
 * Level 10.2 Unarmed Combat
 - Level 2.1 Spellcasting
 - Level 2.5 Transmutations


You had 4 spell levels left.
You knew the following spells:

 Your Spells              Type           Power        Failure   Level  Hunger
a - Beastly Appendage     Trmt           #.....       100%        1    ##.....
h - Blade Hands           Trmt           #.........   100%        5    ######.
s - Sticks to Snakes      Trmt           #.........   100%        2    ###....


Dungeon Overview and Level Annotations

Branches:
Dungeon (10/15)            Temple (1/1) D:5
   Lair: D:8-11         Orc: D:9-12

Altars:
Ashenzari
Dithmenos
Elyvilon
Fedhas
Gozag
Kikubaaqudgha
Makhleb
Nemelex Xobeh
Qazlal
Ru
Trog
Xom
Yredelemnul
Zin
The Shining One

Annotations:
D:7 Prince Ribbit


Innate Abilities, Weirdness & Mutations

You have razor-sharp teeth.
You regenerate.
When hurt, damage is shared between your health and your magic reserves.
Your bite disrupts and absorbs the magic of your enemies.
Potions and wands cannot restore your health.
You are immune to rotting.
You have sharp toenails.
You tend to lose your temper in combat.
You are resistant to hostile enchantments.


Message History

Unknown command.
Your plate armour prevents you from hitting the hill giant.
You claw the hill giant.
The hill giant is heavily wounded.
The quokka zombie bites you but does no damage.
The hound barely misses you.
Unknown command.
You punch the hill giant! You bite the hill giant. You drain its power.
You feel invigorated.
The hill giant is almost dead.
The hound bites you but does no damage.
The hill giant hits you with a giant club.
* * * LOW HITPOINT WARNING * * *
The quokka zombie bites you but does no damage.
Your plate armour prevents you from hitting the hill giant.
You claw the hill giant.
The hill giant is almost dead.
The hound bites you but does no damage.
The hill giant hits you with a giant club!
You die...

#...5. #...........
#..... #...........#
#...†. #...........#
#....†
#...........###...5.
#...................
#...................
#............|.$....
#.h@C...............
#..Z...........[....
#...................
#...................
#.###...............
#. #...........> #.
#............ #.
#.........:..
#............


You could see a hill giant, a hound and a quokka zombie.

Vanquished Creatures
  A troll (D:8)
  2 wolves (D:7)
  A sky beast (D:9)
  2 ogres
  3 orc warriors
  A crimson imp (D:5)
  A giant frog zombie (D:5)
  3 hounds
  A jelly (D:9)
  A centaur zombie (D:7)
  5 orc priests
  A centaur skeleton (D:7)
  5 orc wizards (D:7)
  An iguana (D:5)
  6 worker ants
  A quasit (D:7)
  6 adders
  A shadow imp (D:6)
  An adder zombie (D:7)
  A worm (D:2)
  A giant gecko (D:6)
  16 orcs
  2 giant cockroaches
  3 goblins
  2 hobgoblins (D:1)
  9 jackals
  5 quokkas
  A ball python (D:1)
  3 bats
  5 giant newts
  A jackal skeleton (D:4)
  6 kobolds
  4 rats
102 creatures vanquished.

Vanquished Creatures (others)
  2 jackals (D:2)
2 creatures vanquished.

Grand Total: 104 creatures vanquished

Notes
Turn   | Place    | Note
--------------------------------------------------------------
     0 | D:1      | Charly the Vine Stalker Transmuter began the quest for the Orb.
     0 | D:1      | Reached XP level 1. HP: 9/9 MP: 4/4
    89 | D:1      | Reached XP level 2. HP: 14/14 MP: 4/6
    95 | D:1      | Learned a level 2 spell: Sticks to Snakes
   289 | D:2      | Reached XP level 3. HP: 17/17 MP: 7/7
   358 | D:3      | Found a stormy altar of Qazlal.
   360 | D:3      | Found a glowing silver altar of Zin.
   360 | D:3      | Found a basalt altar of Yredelemnul.
   360 | D:3      | Found a sparkling altar of Nemelex Xobeh.
   363 | D:3      | Found a sacrificial altar of Ru.
   379 | D:3      | Reached skill level 4 in Unarmed Combat
   445 | D:5      | Entered Level 5 of the Dungeon
   509 | D:5      | Reached XP level 4. HP: 19/21 MP: 8/8
   524 | D:5      | Reached skill level 5 in Unarmed Combat
   587 | D:5      | Reached XP level 5. HP: 17/25 MP: 9/9
   588 | D:5      | 21/3
   698 | D:6      | Found a shadowy altar of Dithmenos.
   771 | D:6      | Reached skill level 1 in Armour
   771 | D:6      | Reached skill level 6 in Unarmed Combat
   771 | D:6      | Gained mutation: You heal very quickly. [Vine Stalker growth]
   771 | D:6      | Reached XP level 6. HP: 29/29 MP: 10/10
   775 | D:7      | Noticed Prince Ribbit
   844 | D:6      | Noticed an orc warrior
   886 | D:7      | HP: 1/43 [ogre/giant spiked club (14)]
  1012 | D:7      | Reached XP level 7. HP: 32/32 MP: 11/11
  1013 | D:7      | 22/4
  1090 | D:7      | Reached skill level 7 in Unarmed Combat
  1212 | D:7      | Found a bloodstained altar of Trog.
  1232 | D:7      | Reached skill level 8 in Unarmed Combat
  1232 | D:7      | Gained mutation: You have razor-sharp teeth. [Vine Stalker growth]
  1232 | D:7      | Reached XP level 8. HP: 19/37 MP: 4/12
  1325 | D:7      | Learned a level 5 spell: Blade Hands
  1547 | D:5      | Found a staircase to the Ecumenical Temple.
  1555 | Temple   | Entered the Ecumenical Temple
  1675 | D:7      | Reached skill level 9 in Unarmed Combat
  1773 | D:8      | Noticed a troll
  1786 | D:8      | Killed a troll
  1811 | D:8      | Got a slimy ruby amulet
  1813 | D:8      | Identified the amulet "Buaxojin" {Ward rF+ rN+} (You found it on level 8 of the Dungeon)
  1890 | D:9      | Reached XP level 9. HP: 36/40 MP: 13/13
  1912 | D:9      | Reached skill level 10 in Unarmed Combat
  1938 | D:9      | Noticed a hill giant
  1951 | D:10     | Entered Level 10 of the Dungeon
  1952 | D:10     | Gained mutation: You are resistant to hostile enchantments. [mutagenic meat]
  1953 | D:10     | Gained mutation: You have sharp toenails. [mutagenic meat]
  1954 | D:10     | Gained mutation: You regenerate. [mutagenic meat]
  1955 | D:10     | Gained mutation: You tend to lose your temper in combat. [mutagenic meat]
  1990 | D:9      | HP: 2/40 [hill giant/giant club (2)]
  1991 | D:9      | Mangled by a hill giant

Action                   |  1- 3 |  4- 6 |  7- 9 || total
-------------------------+-------+-------+-------++-------
Melee: Dagger            |   121 |    79 |       ||   200
       Unarmed           |     4 |    45 |   273 ||   322
  Use: Scroll            |     4 |     3 |     2 ||     9
       Potion            |       |     1 |     1 ||     2
 Stab: Sleeping          |     2 |       |       ||     2
  Eat: Chunk             |       |       |     6 ||     6
       Beef jerky        |       |       |     2 ||     2
